 Dungeon Sprint DCSS version 0.21.1-1-g345015f (webtiles) character file.

447135 Mgcat the Champion of Chaos (level 18, 199/199 HPs)
             Began as a Deep Dwarf Fighter on Feb 8, 2018.
             Was the Champion of Makhleb.
             Escaped with the Orb!
             The game lasted 00:23:52 (2477 turns).

Mgcat the Champion of Chaos (Deep Dwarf Fighter)    Turns: 2477, Time: 00:23:53

Health: 199/199    AC: 49    Str: 31    XL:     18   Next: 6%
Magic:  21/21      EV: 25    Int: 10    God:    Makhleb [******]
Gold:   0          SH: 39    Dex: 19    Spells: 48/48 levels left

rFire    + . .     SeeInvis +   P - +14 obsidian axe {chop, +Fly SInv *Curse} (curse)
rCold    + . .     Gourm    .   J - +18 shield of the Gong {rElec rN+ MR+ EV-5}
rNeg     + + .     Faith    .   I - +15 Maxwell's patent armour {-Cast -Tele rElec MR+ rCorr}
rPois    +         Spirit   .   x - +2 hat
rElec    +         Reflect  +   w - +2 cloak {MR+}
rCorr    +         Harm     .   c - +2 pair of gloves {Str+3}
MR       +++++     Rnd*Rage +   S - +1 pair of boots of Winimp {Str+5 Dex+3} Stlth ..........NoTele +
                                B - amulet of Karel {Reflect rElec rPois SH+2}
HPRegen  0.00/turn NoCast   +   D - ring of Fephoeqo {rPois rF+ rC+ MR+}
MPRegen  0.17/turn              o - ring of the Unkillable {rPois EV+3 SInv}

@: non-regenerating, studying 8 skills
A: damage resistance, heal wounds, berserk 1, negative energy resistance 1,
sense surroundings 3, screaming 1, no regeneration
0: Orb of Zot
a: Heal Wounds, Minor Destruction, Lesser Servant of Makhleb, Major Destruction,
Greater Servant of Makhleb, Renounce Religion, Evoke Flight


You escaped.
You worshipped Makhleb.
Makhleb was exalted by your worship.
You were near starving.

You visited 1 branch

Inventory:

Hand Weapons
 P - the cursed +14 obsidian axe (weapon) {chop, +Fly SInv *Curse}
   (You found it in the Dungeon)

   It inflicts extra damage upon your enemies.
   It lets you see invisible.
   It lets you fly.
   It curses itself when equipped.
   It has a curse placed upon it.
Armour
 c - a +2 pair of gloves of strength (worn)
   (You found it in the Dungeon)
 w - a +2 cloak of magic resistance (worn)
   (You found it in the Dungeon)
 x - a +2 hat (worn)
   (You found it in the Dungeon)
 I - the +15 Maxwell's patent armour (worn) {-Cast -Tele rElec MR+ rCorr}
   (You found it in the Dungeon)

   It insulates you from electricity.
   It affects your resistance to hostile enchantments.
   It prevents spellcasting.
   It prevents most forms of teleportation.
   It protects you from acid and corrosion.
 J - the +18 shield of the Gong (worn) {rElec rN+ MR+ EV-5}
   (You found it in the Dungeon)

   It affects your evasion (-5).
   It insulates you from electricity.
   It protects you from negative energy.
   It affects your resistance to hostile enchantments.
 S - the +1 pair of boots of Winimp (worn) {Str+5 Dex+3}
   (You found it in the Dungeon)

   It affects your strength (+5).
   It affects your dexterity (+3).
 W - the +9 plate armour "Halik" {rC+ Str+4 Dex+2}
   (You found it in the Dungeon)

   It affects your strength (+4).
   It affects your dexterity (+2).
   It protects you from cold.
Jewellery
 o - the ring of the Unkillable (right hand) {rPois EV+3 SInv}
   (You found it in the Dungeon)

   [ring of evasion]

   It affects your evasion (+3).
   It protects you from poison.
   It lets you see invisible.
 B - the amulet of Karel (around neck) {Reflect rElec rPois SH+2}
   (You found it in the Dungeon)

   [amulet of reflection]

   It shields you and reflects attacks.
   It insulates you from electricity.
   It protects you from poison.
   It affects your SH (+2).
 D - the ring of Fephoeqo (left hand) {rPois rF+ rC+ MR+}
   (You found it in the Dungeon)

   [ring of poison resistance]

   It protects you from fire.
   It protects you from cold.
   It protects you from poison.
   It affects your resistance to hostile enchantments.
Scrolls
 k - 4 scrolls of blinking {!r}
 q - 4 scrolls of amnesia
 r - 7 scrolls of fog
 s - a scroll of holy word {!r}
 t - 5 scrolls of identify
 u - 5 scrolls of remove curse
 v - 2 scrolls of fear
 M - 8 scrolls of enchant weapon
 Q - 2 scrolls of brand weapon
Potions
 d - 5 potions of might
 e - 9 potions of curing
 g - 14 potions of heal wounds
 h - 6 potions of haste
 i - 7 potions of magic
 j - 3 potions of berserk rage {!q}
 l - 2 potions of brilliance
 m - 2 potions of invisibility
 n - 4 potions of resistance
 p - 2 potions of agility
Books
 A - a manual of Air Magic {!d}
   (You found it in the Dungeon)
 G - a manual of Throwing {!d}
   (You found it in the Dungeon)
 H - a manual of Charms {!d}
   (You found it in the Dungeon)
 L - a manual of Bows {!d}
   (You found it in the Dungeon)
 N - a manual of Maces & Flails {!d}
   (You found it in the Dungeon)
 O - a manual of Staves {!d}
   (You found it in the Dungeon)
 R - a manual of Charms {!d}
   (You found it in the Dungeon)
 U - a manual of Stealth {!d}
   (You found it in the Dungeon)
 V - a manual of Dodging {!d}
   (You found it in the Dungeon)
Miscellaneous
 a - 8 phantom mirrors
 b - a fan of gales
   (You found it in the Dungeon)
 y - 3 boxes of beasts
 z - a lamp of fire
   (You found it in the Dungeon)
 C - a lightning rod (4/4)
   (You found it in the Dungeon)
 E - a crystal ball of energy
   (You found it in the Dungeon)
 F - a phial of floods
   (You found it in the Dungeon)
 K - a sack of spiders
Comestibles
 f - 8 rations
 T - 3 chunks of flesh {@w0}


   Skills:
 + Level 21.3 Fighting
 + Level 25.1 Axes
 + Level 24.4 Armour
 + Level 25.6 Dodging
 + Level 24.4 Shields
 + Level 15.5 Spellcasting
 O Level 27 Invocations


You had 48 spell levels left.
You didn't know any spells.

Dungeon Overview and Level Annotations

Branches:
Dungeon (1/1)

Altars:
Ashenzari
Cheibriados
Dithmenos
Elyvilon
Fedhas
Gozag
Hepliaklqana
Kikubaaqudgha
Makhleb
Nemelex Xobeh
Okawaru
Qazlal
Ru
Sif Muna
Trog
Uskayaw
Vehumet
Wu Jian
Xom
Yredelemnul
Zin
The Shining One
Beogh
Jiyva
Lugonu


Innate Abilities, Weirdness & Mutations

You are resistant to damage.
You can heal yourself by infusing magical energy.
You resist negative energy. (rN+)
You passively map a large area around you.
You do not regenerate.
You tend to lose your temper in combat.
You occasionally shout uncontrollably at your foes.


Message History

You enter the shallow water.
Moving in this stuff is going to be slow.
You feel a little less agile now.
No target in view!
No target in view!
No target in view!
No target in view!
No target in view!
You swap places.
No target in view!
You enter the shallow water.
Moving in this stuff is going to be slow.
No target in view!
No target in view!
No target in view!
No target in view!
You feel yourself slow down.
Your quasit disappears in a puff of smoke!
No target in view!
No target in view!
No target in view!
No target in view!
No target in view!
You swap places.
You enter the shallow water.
Moving in this stuff is going to be slow.
You enter the shallow water.
Moving in this stuff is going to be slow.
You feel yourself speed up.
You see here a book of Unlife.
You see here a spear.
Your crimson imp blinks!
L - a manual of Bows {!d} You swap places.
You see here a spear.
You swap places.
You see here a book of Unlife.
You recover from your berserk rage.
You enter the shallow water.
Moving in this stuff is going to be slow.
Your ice devil disappears in a puff of smoke!
You enter the shallow water.
Moving in this stuff is going to be slow.
You see here a spear.
N - a manual of Maces & Flails {!d} You see here an uncursed staff of summoning {!a}.
You enter the shallow water.
Moving in this stuff is going to be slow.
You see here a snapping turtle corpse.
You butcher the snapping turtle corpse.
You hear a splash.
T - 3 chunks of flesh {@w0} You see here a snapping turtle skeleton.
You see here an uncursed ring of resist corrosion.
You see here a glowing trident.
Things that are here:
a large rock {!d}; a trident You see here the +4 dagger "Morg" {pain, MR+ Int+5}.
You enter the shallow water.
Moving in this stuff is going to be slow.
You see here the +4 dagger "Morg" {pain, MR+ Int+5}.
You see here the +10 mace "Koqyh" {crush, rC- Str+4 Dex+6}.
You see here a lightning rod (4/4).
Why would you want to do that?
Unknown command.
Unknown command.
U - a manual of Stealth {!d} You see here an uncursed staff of death {rN+}.
You enter the shallow water.
Moving in this stuff is going to be slow.
V - a manual of Dodging {!d} You swap places.
You see here a lightning rod (4/4).
W - the +9 plate armour "Halik" {rC+ Str+4 Dex+2} Wear which item? (? for menu, Esc to quit)
Okay, then.
Unknown command.
Unknown command.
Unknown command.
Unknown command.
Unknown command.
You see here a spear.
You see here a lightning rod (4/4).
You see here the +10 mace "Koqyh" {crush, rC- Str+4 Dex+6}.
Things that are here:
a large rock {!d}; a trident Why would you want to do that?
Why would you want to do that?
You see here a rapier.
There is a transporter here.
An exit appears before you!
You enter the transporter and appear at another place.
Found the Orb of Zot.
Found a staircase leading out of the dungeon.
You see here the Orb of Zot.
You pick up the Orb of Zot!
The Orb lets out a hideous shriek!
The lords of Pandemonium are not amused.
Beware!
Now all you have to do is get back out of the dungeon!
There is a staircase leading out of the dungeon here.
You have escaped!

............▓..▓......)▓)[▓...8©8
............▓.▓▓▓.....▓▓▓.▓..|?.)
.......)....▓..▓.......▓..▓...:|=
....))......▓.............▓......
...†).[))...▓......©......▓.)....
.......†....▓▓▓▓▓▓▓▓▓▓▓▓▓▓▓......
▓....)))▓...▓8888888888888▓....).
▓▓.....▓▓▓..▓8...........8▓..▓†..
▓.......▓...▓8..@3....©..8▓.▓....
............▓8...3.......8▓....©.
....©.......▓8888888888888▓▓▓▓▓▓▓
▓▓▓▓▓▓▓▓▓▓▓▓▓▓▓▓▓▓▓▓▓▓▓▓▓▓▓▓▓▓▓▓▓
.....8©8........▓........8©8.....
.}.):|})[.}.=:).▓.:|.[})[)...:..[
:|)|:|".}.[)[:=.▓.:".[):)|:.|.}.:
}||:):)}|..))||.▓.|)()(.):||:...:
......[.........▓[|)....[))[|....


You could see a friendly soul eater and a friendly neqoxec.

Vanquished Creatures
  2 ancient liches (D)
  A pandemonium lord (D)
  A greater mummy (D)
  7 liches (D)
  4 krakens (D)
  2 tentacled starspawn (D)
  4 nagarajas (D)
  4 shadow dragons (D)
  An azure jelly (D)
  2 fire giants (D)
  An orc warlord (D)
  7 ghost moths (D)
  A ghoul (D)
  3 balrugs (D)
  2 spriggan defenders (D)
  2 entropy weavers (D)
  6 stone giants (D)
  2 vampire knights (D)
  2 dire elephants (D)
  A spark wasp (D)
  7 merfolk javelineers (D)
  An eidolon (D)
  A yaktaur captain (D)
  5 merfolk impalers (D)
  2 death oozes (D)
  A mummy priest (D)
  A fire dragon (D)
  2 great orbs of eyes (D)
  28 vault guards (D)
  4 spriggan air magi (D)
  A centaur warrior (D)
  3 naga warriors (D)
  4 merfolk aquamancers (D)
  A merfolk avatar (D)
  An anaconda (D)
  2 hell hogs (D)
  3 spriggan berserkers (D)
  4 thrashing horrors (D)
  A wretched star (D)
  An iron golem (D)
  A shock serpent (shapeshifter) (D)
  A sixfirhy (D)
  A flayed ghost (D)
  A death drake (shapeshifter) (D)
  2 sea snakes (D)
  A sea snake (shapeshifter) (D)
  A deep troll (shapeshifter) (D)
  A shambling mangrove (D)
  2 harpies (D)
  A necromancer (D)
  An orb spider (shapeshifter) (D)
  An orb spider (D)
  3 orc knights (D)
  2 cyclopes (D)
  An oklob plant (D)
  An orc sorcerer (D)
  2 draconians (D)
  6 wolf spiders (D)
  3 manticores (D)
  4 moths of wrath (D)
  A vault sentinel (D)
  2 torpor snails (D)
  3 merfolk sirens (D)
  2 water nymphs (D)
  A hellion (D)
  4 yaktaurs (D)
  4 efreet (D)
  2 demonic crawlers (D)
  3 guardian mummies (D)
  A jumping spider (shapeshifter) (D)
  An ancient zyme (D)
  2 red devils (D)
  8 merfolk (D)
  4 hornets (D)
  A troll (D)
  2 hippogriffs (D)
  6 slime creatures (D)
  5 snapping turtles (D)
  A flying skull (D)
  3 shadows (D)
  A water elemental (D)
  3 redbacks (D)
  A ynoxinul (D)
  2 spriggans (shapeshifter) (D)
  5 tarantellas (D)
  2 fire elementals (D)
  A hog (shapeshifter) (D)
  2 wraiths (D)
  A golden eye (D)
  2 yaks (shapeshifter) (D)
  A chaos spawn (D)
  2 neqoxecs (D)
  2 large abominations (D)
  2 nagas (D)
  11 hell hounds (D)
  3 water moccasins (D)
  10 orc warriors (D)
  A phantom (D)
  6 starcursed masses (D)
  3 necrophages (D)
  3 ogres (D)
  A small abomination (D)
  2 wights (D)
  A crimson imp (D)
  2 quasits (D)
  3 jellies (D)
  An orc priest (D)
  2 iron imps (D)
  An orc wizard (D)
  6 mummies (D)
  3 adders (D)
  2 white imps (D)
  An ooze (D)
  4 adder zombies (D)
  An adder skeleton (D)
  4 ball pythons (D)
  3 bat skeletons (D)
  5 bat zombies (D)
  2 giant cockroach zombies (D)
  A jackal zombie (D)
  2 leopard gecko skeletons (D)
  A leopard gecko zombie (D)
  3 quokka skeletons (D)
  A butterfly (D)
  3 fire vortices (D)
  A starspawn tentacle (D)
  13 tentacles (D)
353 creatures vanquished.

Vanquished Creatures (collateral kills)
  A greater mummy (D)
  2 liches (D)
  A kraken (D)
  A thorn hunter (D)
  A shadow dragon (D)
  A fire giant (D)
  A nagaraja (D)
  An azure jelly (D)
  A draconian shifter (D)
  A very ugly thing (D)
  An apis (D)
  A dire elephant (D)
  5 merfolk javelineers (D)
  6 merfolk impalers (D)
  A great orb of eyes (D)
  A death ooze (D)
  3 vault guards (D)
  A spriggan air mage (D)
  A naga warrior (D)
  2 anacondas (D)
  5 merfolk avatars (D)
  4 merfolk aquamancers (D)
  2 death scarabs (D)
  An orc high priest (D)
  A hell hog (D)
  A thrashing horror (D)
  A shock serpent (shapeshifter) (D)
  4 spriggan berserkers (D)
  2 wretched stars (D)
  A shadow wraith (D)
  A hell knight (D)
  4 sea snakes (D)
  2 harpies (D)
  4 orb spiders (D)
  A wolf spider (D)
  An oklob plant (D)
  2 slime creatures (D)
  2 manticores (D)
  A manticore (shapeshifter) (D)
  2 moths of wrath (D)
  3 draconians (D)
  A cyclops (D)
  2 black mambas (D)
  A naga mage (D)
  2 large abominations (D)
  An elephant (shapeshifter) (D)
  An apocalypse crab (D)
  A guardian serpent (D)
  An orange demon (D)
  A dryad (D)
  A komodo dragon (shapeshifter) (D)
  A yaktaur (D)
  An efreet (D)
  3 hellions (D)
  2 guardian mummies (D)
  2 demonic crawlers (D)
  2 red devils (D)
  4 merfolk (D)
  2 wind drakes (D)
  3 hornets (D)
  A raiju (shapeshifter) (D)
  A raiju (D)
  2 snapping turtles (D)
  A flying skull (D)
  2 tarantellas (D)
  2 wraiths (D)
  An ushabti (D)
  2 water elementals (D)
  A golden eye (D)
  A fire elemental (D)
  A chaos spawn (D)
  A neqoxec (D)
  2 nagas (D)
  2 hell hounds (D)
  3 water moccasins (D)
  4 orc warriors (D)
  2 necrophages (D)
  3 small abominations (D)
  2 wights (D)
  A quasit (D)
  An orc priest (D)
  An orc wizard (D)
  An iron imp (D)
  8 mummies (D)
  An adder (D)
  An ooze (D)
  2 adder zombies (D)
  4 adder skeletons (D)
  An orc (D)
  3 bat skeletons (D)
  5 bat zombies (D)
  2 ball pythons (D)
  A ball python skeleton (D)
  2 giant cockroach zombies (D)
  A butterfly (D)
  2 fire vortices (D)
  A starspawn tentacle (D)
  6 tentacles (D)
188 creatures vanquished.

Vanquished Creatures (others)
  5 merfolk javelineers (D)
  A merfolk impaler (D)
  An adder skeleton (D)
  A bat skeleton (D)
  A bat zombie (D)
  A jackal skeleton (D)
  4 starspawn tentacles (D)
  51 tentacles (D)
65 creatures vanquished.

Grand Total: 606 creatures vanquished

Notes
Turn   | Place    | Note
-------+----------+-------------------------------------------
     0 | D        | Found the +6 Majin-Bo {vamp, Archmagi MP+6 Int+6}
     0 | D        | Found the +7 great mace "Firestarter" {inner flame, rF++}
     0 | D        | Mgcat the Deep Dwarf Fighter began the quest for the Orb.
     0 | D        | Reached XP level 1. HP: 20/20 MP: 1/1
     0 | D        | Found a deep blue altar of Sif Muna.
     0 | D        | Found a sacrificial altar of Ru.
     0 | D        | Found a bloodstained altar of Trog.
     0 | D        | Found a stormy altar of Qazlal.
     0 | D        | Found an iron altar of Okawaru.
     0 | D        | Found a sparkling altar of Nemelex Xobeh.
     0 | D        | Found a blossoming altar of Fedhas.
     2 | D        | Found a transporter.
     2 | D        | Found an ancient bone altar of Kikubaaqudgha.
     2 | D        | Found a viscous altar of Jiyva.
     2 | D        | Found a corrupted altar of Lugonu.
     2 | D        | Found a hazy altar of Hepliaklqana.
     2 | D        | Found a burning altar of Makhleb.
     2 | D        | Found an opulent altar of Gozag.
    23 | D        | Found the +9 heavy crossbow "Sniper" {velocity, Acc+∞ SInv}
    23 | D        | Found the +10 dark maul {crush}
    23 | D        | Found the +15 Maxwell's patent armour {-Cast -Tele rElec MR+ rCorr}
    23 | D        | Found the +18 shield of the Gong {rElec rN+ MR+ EV-5}
    23 | D        | Found the cursed +14 obsidian axe {chop, +Fly SInv *Curse}
    25 | D        | Found the +6 shillelagh "Devastator" {shatter}
    25 | D        | Found the +11 plutonium sword {*Contam Stlth-}
    25 | D        | Found the +8 lance "Wyrmbane" {slay drac, rPois rF+ rC+ AC+3}
    25 | D        | Found the +9 sword of Zonguldrok {reap}
    25 | D        | Found the cursed +13 scythe of Curses {drain, *Curse}
    25 | D        | Found the +0 sword of Power
    25 | D        | Found the +1 mace of Variability {chaos}
    25 | D        | Found the +7 Singing Sword
    25 | D        | Found the +7 longbow "Piercer" {penet, EV-2}
   126 | D        | Reached skill level 8 in Axes
   126 | D        | Reached XP level 2. HP: 27/27 MP: 2/2
   138 | D        | Became a worshipper of Makhleb the Destroyer
   145 | D        | Entered arena 2.
   145 | D        | Noticed a centaur warrior
   145 | D        | Noticed a vault sentinel
   145 | D        | Found a transporter.
   146 | D        | Found the macabre finger necklace {rN+}
   151 | D        | Killed a vault sentinel
   151 | D        | Reached skill level 5 in Fighting
   151 | D        | Reached skill level 9 in Axes
   151 | D        | Reached skill level 6 in Armour
   151 | D        | Reached skill level 4 in Dodging
   151 | D        | Reached skill level 6 in Shields
   151 | D        | Reached skill level 6 in Invocations
   151 | D        | Reached XP level 3. HP: 39/39 MP: 2/7
   151 | D        | Reached XP level 4. HP: 46/46 MP: 2/8
   151 | D        | Reached XP level 5. HP: 52/52 MP: 2/9
   151 | D        | Reached XP level 6. HP: 61/61 MP: 2/10
   154 | D        | Killed a centaur warrior
   154 | D        | Reached skill level 6 in Fighting
   154 | D        | Reached skill level 10 in Axes
   154 | D        | Reached skill level 8 in Armour
   154 | D        | Reached skill level 6 in Dodging
   154 | D        | Reached skill level 8 in Shields
   154 | D        | Reached skill level 8 in Invocations
   154 | D        | Reached XP level 7. HP: 70/70 MP: 2/13
   236 | D        | Entered arena 3.
   236 | D        | Noticed a merfolk
   236 | D        | Noticed a merfolk
   236 | D        | Noticed a merfolk
   236 | D        | Found a transporter.
   243 | D        | Killed a merfolk
   243 | D        | Reached * piety under Makhleb
   243 | D        | Reached skill level 11 in Axes
   243 | D        | Reached skill level 7 in Dodging
   243 | D        | Reached skill level 9 in Invocations
   243 | D        | Reached XP level 8. HP: 72/78 MP: 14/14
   246 | D        | Killed a merfolk
   246 | D        | Reached skill level 7 in Fighting
   251 | D        | Killed a merfolk
   251 | D        | Reached skill level 8 in Dodging
   254 | D        | Got the ring "Onaecso" {Fire *Drain Dex+2 SInv}
   258 | D        | Entered arena 4.
   258 | D        | Noticed a thrashing horror
   258 | D        | Found a transporter.
   261 | D        | Reached ** piety under Makhleb
   262 | D        | Reached skill level 9 in Armour
   266 | D        | Killed a thrashing horror
   266 | D        | Reached skill level 9 in Shields
   266 | D        | Reached skill level 10 in Invocations
   266 | D        | Gained mutation: You passively map the area around you. [Deep Dwarf growth]
   266 | D        | Reached XP level 9. HP: 88/88 MP: 16/16
   267 | D        | Reached *** piety under Makhleb
   272 | D        | Got the +0 chain mail of the Red Skies {rC+ Regen+ Int+2}
   274 | D        | Entered arena 5.
   274 | D        | Found a transporter.
   276 | D        | Reached skill level 8 in Fighting
   280 | D        | Reached skill level 12 in Axes
   280 | D        | Reached skill level 9 in Dodging
   281 | D        | Reached skill level 11 in Invocations
   296 | D        | Entered arena 6.
   296 | D        | Noticed a draconian
   296 | D        | Noticed a draconian
   296 | D        | Noticed a draconian
   296 | D        | Noticed a draconian
   296 | D        | Noticed a draconian
   296 | D        | Found a transporter.
   302 | D        | Killed a draconian
   302 | D        | Reached **** piety under Makhleb
   302 | D        | Reached skill level 10 in Armour
   302 | D        | Reached skill level 10 in Shields
   304 | D        | Killed a draconian
   306 | D        | Killed a draconian
   306 | D        | Killed a draconian
   306 | D        | Reached skill level 9 in Fighting
   306 | D        | Reached XP level 10. HP: 99/99 MP: 18/18
   306 | D        | Killed a draconian
   306 | D        | Reached skill level 10 in Dodging
   306 | D        | Reached skill level 12 in Invocations
   311 | D        | Got the ring "Loviybyr" {Fire Int+3}
   313 | D        | Got the cursed +0 shield of Salvation {rPois Int+4 SInv}
   316 | D        | Got the amulet of Karel {Reflect rElec rPois SH+2}
   326 | D        | Entered arena 7.
   327 | D        | Found the +7 Kryia's mail coat {PotionHeal*2 rC+}
   327 | D        | Reached ***** piety under Makhleb
   329 | D        | Found a transporter.
   348 | D        | Entered arena 8.
   353 | D        | Found a transporter.
   356 | D        | Reached ****** piety under Makhleb
   357 | D        | Reached skill level 11 in Shields
   467 | D        | Entered arena 9.
   468 | D        | Found the +12 glaive of Prune {chop}
   471 | D        | Found a transporter.
   475 | D        | Reached skill level 13 in Axes
   475 | D        | Reached skill level 11 in Armour
   485 | D        | Entered arena 10.
   486 | D        | Found the cursed -5 robe of Misfortune {-Cast *Contam *Tele *Drain EV-5 Stlth-- *Curse}
   486 | D        | Found a transporter.
   507 | D        | Got the ring of the Unkillable {rPois EV+3 SInv}
   517 | D        | Entered arena 11.
   518 | D        | Found a transporter.
   526 | D        | Reached skill level 11 in Dodging
   535 | D        | Entered arena 12.
   535 | D        | Noticed an azure jelly
   542 | D        | Noticed a death ooze
   542 | D        | Noticed a great orb of eyes
   542 | D        | Noticed a death ooze
   542 | D        | Killed an azure jelly
   542 | D        | Reached skill level 13 in Invocations
   545 | D        | Reached skill level 10 in Fighting
   545 | D        | Reached skill level 12 in Dodging
   548 | D        | Killed a death ooze
   548 | D        | Reached skill level 12 in Shields
   548 | D        | Killed a death ooze
   548 | D        | Reached skill level 12 in Armour
   548 | D        | Reached XP level 11. HP: 109/109 MP: 19/21
   550 | D        | Killed a great orb of eyes
   555 | D        | Found a transporter.
   568 | D        | Entered arena 13.
   576 | D        | Reached skill level 13 in Dodging
   581 | D        | Reached skill level 14 in Axes
   582 | D        | Found a transporter.
   586 | D        | Reached skill level 14 in Invocations
   592 | D        | Got the ring of Fephoeqo {rPois rF+ rC+ MR+}
   599 | D        | Entered arena 14.
   600 | D        | Noticed a spriggan defender
   600 | D        | Noticed a spriggan defender
   600 | D        | Noticed a spriggan air mage
   600 | D        | Noticed a spriggan air mage
   601 | D        | Noticed a spriggan berserker
   601 | D        | Noticed a thorn hunter
   601 | D        | Noticed an apis
   601 | D        | Noticed a spriggan air mage
   602 | D        | Noticed a spriggan berserker
   608 | D        | Noticed a death yak
   612 | D        | Killed a spriggan air mage
   613 | D        | Killed a spriggan defender
   613 | D        | Reached skill level 14 in Dodging
   615 | D        | HP: 25/110 [spriggan berserker/the +12 scimitar of Oenomania {protect, rC+ Str+7 Dex+4} (36)]
   630 | D        | Killed a spriggan air mage
   630 | D        | Reached skill level 11 in Fighting
   633 | D        | Killed a thorn hunter
   633 | D        | Reached skill level 13 in Armour
   633 | D        | Reached skill level 13 in Shields
   634 | D        | Killed a spriggan berserker
   634 | D        | Reached skill level 15 in Invocations
   634 | D        | HP: 26/111 [death yak[a spriggan berserker] (18)]
   639 | D        | Killed a spriggan berserker
   639 | D        | Reached skill level 15 in Dodging
   641 | D        | Killed a spriggan air mage
   641 | D        | Reached skill level 15 in Axes
   645 | D        | Killed an apis
   645 | D        | Reached XP level 12. HP: 106/121 MP: 19/19
   648 | D        | Killed a spriggan defender
   657 | D        | Found a transporter.
   674 | D        | Entered arena 15.
   675 | D        | Noticed a great orb of eyes
   676 | D        | Noticed a death ooze
   676 | D        | Noticed an azure jelly
   677 | D        | Found a transporter.
   684 | D        | Killed a great orb of eyes
   684 | D        | Reached skill level 12 in Fighting
   684 | D        | Reached skill level 14 in Armour
   684 | D        | Reached skill level 16 in Dodging
   684 | D        | Reached skill level 14 in Shields
   685 | D        | Killed a death ooze
   685 | D        | Reached skill level 16 in Invocations
   691 | D        | Killed an azure jelly
   699 | D        | Got the +7 chain mail of Devotion {rN++ rCorr Str+2}
   701 | D        | Got the ring "Syiblirgh" {rC+ Dex+3 Slay+4}
   703 | D        | Got the ring "Kododuhaaq" {rC+ rN+}
   717 | D        | Entered arena 16.
   723 | D        | Noticed a dire elephant
   723 | D        | Noticed a spriggan air mage
   724 | D        | Noticed a dire elephant
   737 | D        | Reached skill level 17 in Dodging
   741 | D        | Reached skill level 16 in Axes
   742 | D        | Noticed a spriggan air mage
   744 | D        | Killed a spriggan air mage
   745 | D        | Noticed a death yak
   746 | D        | Noticed a dire elephant
   748 | D        | Killed a dire elephant
   754 | D        | Killed a dire elephant
   754 | D        | Reached skill level 17 in Invocations
   755 | D        | Killed a dire elephant
   755 | D        | Reached skill level 15 in Armour
   755 | D        | Reached skill level 15 in Shields
   765 | D        | Killed a spriggan air mage
   765 | D        | Reached skill level 13 in Fighting
   769 | D        | Reached XP level 13. HP: 133/133 MP: 21/21
   770 | D        | Found a transporter.
   785 | D        | Got the ring "Gopn" {rF++ Str-2 Int+4 Stlth+}
   809 | D        | Entered arena 17.
   818 | D        | Noticed a vampire knight
   819 | D        | Noticed a ghoul
   819 | D        | Noticed a vampire knight
   820 | D        | Noticed a lich
   823 | D        | Noticed a lich
   832 | D        | Killed a vampire knight
   837 | D        | Killed a vampire knight
   850 | D        | Killed a lich
   850 | D        | Reached skill level 18 in Dodging
   851 | D        | Killed a lich
   851 | D        | Reached skill level 17 in Axes
   851 | D        | Reached skill level 18 in Invocations
   854 | D        | Killed a ghoul
   854 | D        | Reached skill level 16 in Armour
   854 | D        | Reached skill level 16 in Shields
   865 | D        | Found the +2 pair of boots of the Assassin {Detection Stab+ Stlth++}
   865 | D        | Found a transporter.
   874 | D        | Got the cursed +0 pair of boots "Foc Zat" {rN+ Stlth+}
   878 | D        | Got the amulet of Pantheism {Inacc MP+9 Str+4 Dex+5}
   909 | D        | Entered arena 18.
   919 | D        | Noticed a brown very ugly thing
   934 | D        | Noticed a fire dragon
   934 | D        | a wolf spider changed into a fire dragon
   935 | D        | a fire dragon changed into a great orb of eyes
   937 | D        | Paralysed by a floating eye for 2 turns
   941 | D        | Reached skill level 14 in Fighting
   945 | D        | Killed a brown very ugly thing
   954 | D        | Found a transporter.
   968 | D        | Got the ring of Canag {MR+ AC+4 Stlth+}
   991 | D        | Got the amulet "Hiejidgh" {Harm *Drain +Fly rC- rN++ Slay+2}
  1059 | D        | Entered arena 19.
  1072 | D        | Noticed an orc warlord
  1076 | D        | Reached skill level 19 in Invocations
  1089 | D        | Killed an orc warlord
  1092 | D        | Reached skill level 18 in Axes
  1097 | D        | Reached skill level 19 in Dodging
  1105 | D        | Found the +2 shield of Resistance {rF+ rC+ MR+}
  1105 | D        | Found a transporter.
  1119 | D        | Got the amulet of the Cockatrice {Inacc rF+++ MR+ Stlth-}
  1133 | D        | Entered arena 20.
  1145 | D        | Noticed a greater mummy
  1148 | D        | Gained mutation: You resist negative energy. (rN+) [Deep Dwarf growth]
  1148 | D        | Reached XP level 14. HP: 113/145 MP: 23/23
  1149 | D        | Noticed an Executioner
  1151 | D        | Noticed a greater mummy
  1161 | D        | Killed a greater mummy
  1161 | D        | Reached skill level 17 in Armour
  1161 | D        | Reached skill level 17 in Shields
  1173 | D        | HP: 34/145 [??? (19)]
  1221 | D        | Killed a greater mummy
  1221 | D        | Reached skill level 15 in Fighting
  1221 | D        | Reached skill level 20 in Invocations
  1231 | D        | Found a transporter.
  1252 | D        | Got the amulet "Jiur" {RegenMP Str+4 Int+3 Slay+3 Stlth-}
  1450 | D        | Entered arena 21.
  1457 | D        | Noticed a fire giant
  1468 | D        | Noticed a balrug
  1471 | D        | Reached skill level 1 in Spellcasting
  1474 | D        | Killed a fire giant
  1478 | D        | Noticed a fire giant
  1480 | D        | Killed a balrug
  1480 | D        | Reached skill level 2 in Spellcasting
  1482 | D        | Noticed a fire giant
  1492 | D        | Killed a fire giant
  1492 | D        | Reached skill level 19 in Axes
  1492 | D        | Reached skill level 18 in Armour
  1492 | D        | Reached skill level 3 in Spellcasting
  1493 | D        | Reached skill level 18 in Shields
  1496 | D        | Killed a fire giant
  1502 | D        | Found a transporter.
  1529 | D        | Entered arena 22.
  1542 | D        | Noticed a nagaraja
  1543 | D        | Noticed a nagaraja
  1543 | D        | Noticed a nagaraja
  1543 | D        | Noticed a nagaraja
  1546 | D        | Noticed a nagaraja
  1548 | D        | Reached skill level 20 in Dodging
  1552 | D        | Reached skill level 4 in Spellcasting
  1556 | D        | Killed a nagaraja
  1560 | D        | Killed a nagaraja
  1561 | D        | Reached skill level 21 in Invocations
  1563 | D        | Killed a nagaraja
  1563 | D        | Reached skill level 5 in Spellcasting
  1564 | D        | Killed a nagaraja
  1568 | D        | Killed a nagaraja
  1568 | D        | Reached skill level 16 in Fighting
  1572 | D        | Found a transporter.
  1607 | D        | Entered arena 23.
  1623 | D        | Noticed a kraken
  1624 | D        | Reached XP level 15. HP: 157/157 MP: 17/17
  1631 | D        | Reached skill level 6 in Spellcasting
  1639 | D        | Found a transporter.
  1639 | D        | Reached skill level 19 in Armour
  1640 | D        | Reached skill level 19 in Shields
  1645 | D        | Reached skill level 20 in Axes
  1653 | D        | Killed a kraken
  1667 | D        | Got the amulet "Yxti" {Faith rElec}
  1686 | D        | Entered arena 24.
  1701 | D        | Noticed Asoguoliq the pandemonium lord
  1701 | D        | Noticed a tentacled starspawn
  1701 | D        | Noticed a tentacled starspawn
  1704 | D        | Reached skill level 7 in Spellcasting
  1708 | D        | Reached skill level 22 in Invocations
  1710 | D        | Reached skill level 21 in Dodging
  1711 | D        | Noticed an Executioner
  1718 | D        | Noticed an Ice Fiend
  1727 | D        | Killed a tentacled starspawn
  1730 | D        | Killed a tentacled starspawn
  1732 | D        | Gained mutation: You tend to lose your temper in combat. [a neqoxec]
  1733 | D        | Killed Asoguoliq the pandemonium lord
  1733 | D        | Reached skill level 17 in Fighting
  1733 | D        | Reached skill level 8 in Spellcasting
  1735 | D        | Paralysed by accursed screaming for 2 turns
  1747 | D        | Gained mutation: You occasionally shout uncontrollably at your foes. [a neqoxec]
  1764 | D        | Reached skill level 20 in Armour
  1764 | D        | Reached skill level 20 in Shields
  1769 | D        | Found the +8 demon blade "Bloodbane" {slice, *Rage +Rage Stlth-}
  1769 | D        | Found a transporter.
  1791 | D        | Entered arena 25.
  1798 | D        | Noticed a lich
  1811 | D        | Killed a lich
  1811 | D        | Reached skill level 9 in Spellcasting
  1814 | D        | HP: 39/160 [flayed ghost/flay_damage (14)]
  1821 | D        | Reached skill level 23 in Invocations
  1826 | D        | Reached skill level 21 in Axes
  1845 | D        | Found a transporter.
  1872 | D        | Entered arena 26.
  1888 | D        | Noticed a ghost moth
  1888 | D        | Noticed a ghost moth
  1889 | D        | Found the +8 glaive of the Guard {elec, +Rage AC+5 SInv}
  1889 | D        | Noticed a ghost moth
  1890 | D        | Noticed a ghost moth
  1890 | D        | Noticed a ghost moth
  1890 | D        | Noticed a ghost moth
  1891 | D        | Noticed a ghost moth
  1892 | D        | Found the +4 arc blade {discharge, rElec}
  1895 | D        | Killed a ghost moth
  1903 | D        | Killed a ghost moth
  1903 | D        | Reached skill level 22 in Dodging
  1903 | D        | Reached XP level 16. HP: 169/171 MP: 0/15
  1907 | D        | Reached skill level 10 in Spellcasting
  1915 | D        | Reached skill level 18 in Fighting
  1923 | D        | Reached skill level 21 in Armour
  1923 | D        | Reached skill level 21 in Shields
  1927 | D        | Reached skill level 24 in Invocations
  1934 | D        | Found the +2 robe of Vines {NoPotionHeal Regen+7}
  1937 | D        | Reached skill level 11 in Spellcasting
  1938 | D        | Found a transporter.
  1972 | D        | Got the +1 pair of boots of Winimp {Str+5 Dex+3}
  2093 | D        | Entered arena 27.
  2109 | D        | Noticed a lich
  2111 | D        | Noticed a lich
  2111 | D        | Noticed a shadow dragon
  2111 | D        | Noticed a lich
  2112 | D        | Noticed a shadow dragon
  2113 | D        | Noticed a shadow dragon
  2114 | D        | Noticed a lich
  2116 | D        | Noticed a lich
  2116 | D        | Noticed an ancient lich
  2119 | D        | Noticed a shadow dragon
  2119 | D        | Killed a lich
  2119 | D        | Reached skill level 22 in Axes
  2128 | D        | Noticed an ancient lich
  2130 | D        | Reached skill level 23 in Dodging
  2137 | D        | Killed a shadow dragon
  2139 | D        | Noticed a lich
  2140 | D        | Killed an ancient lich
  2140 | D        | Reached skill level 12 in Spellcasting
  2141 | D        | Noticed a Tzitzimitl
  2143 | D        | Killed a lich
  2143 | D        | Reached skill level 19 in Fighting
  2143 | D        | Reached skill level 22 in Armour
  2143 | D        | Reached skill level 25 in Invocations
  2145 | D        | Noticed a shadow dragon
  2148 | D        | Killed a lich
  2148 | D        | Reached skill level 22 in Shields
  2151 | D        | Killed a shadow dragon
  2162 | D        | Killed a shadow dragon
  2162 | D        | Reached skill level 23 in Axes
  2162 | D        | Killed a lich
  2162 | D        | Reached XP level 17. HP: 183/183 MP: 17/17
  2163 | D        | Killed a lich
  2166 | D        | Reached skill level 13 in Spellcasting
  2170 | D        | Killed an ancient lich
  2170 | D        | Reached skill level 24 in Dodging
  2172 | D        | Killed a lich
  2172 | D        | Reached skill level 26 in Invocations
  2185 | D        | Reached skill level 23 in Armour
  2186 | D        | Reached skill level 20 in Fighting
  2186 | D        | Reached skill level 23 in Shields
  2209 | D        | Reached skill level 14 in Spellcasting
  2222 | D        | Found a transporter.
  2259 | D        | Entered arena 28.
  2283 | D        | Noticed a kraken
  2286 | D        | Noticed a kraken
  2287 | D        | Found the +4 dagger "Morg" {pain, MR+ Int+5}
  2291 | D        | Reached skill level 24 in Axes
  2295 | D        | Noticed a kraken
  2313 | D        | Found a transporter.
  2314 | D        | Reached skill level 27 in Invocations
  2315 | D        | Killed a kraken
  2316 | D        | Reached skill level 25 in Dodging
  2335 | D        | Reached skill level 24 in Armour
  2340 | D        | Reached skill level 24 in Shields
  2340 | D        | Reached skill level 15 in Spellcasting
  2359 | D        | Reached skill level 21 in Fighting
  2376 | D        | Killed a kraken
  2386 | D        | Killed a kraken
  2386 | D        | Reached skill level 25 in Axes
  2386 | D        | Gained mutation: You passively map a large area around you. [Deep Dwarf growth]
  2386 | D        | Reached XP level 18. HP: 199/199 MP: 21/21
  2459 | D        | Got the +9 plate armour "Halik" {rC+ Str+4 Dex+2}
  2472 | D        | Got the Orb of Zot
  2477 | D        | Escaped with the Orb!

Skill      XL: |  1  2  3  4  5  6  7  8  9 10 11 12 13 14 15 16 17 |
---------------+----------------------------------------------------+-----
Axes           | 8 9 10 11 12 13 15 16 18 19 21 23 25 | 25.1
Fighting       | 5 6 7 9 10 11 13 14 16 17 19 21 | 21.3
Armour         | 6 8 9 10 12 13 15 16 18 20 22 24 | 24.4
Dodging        | 4 6 7 8 9 12 15 17 19 20 22 23 25 | 25.6
Shields        | 6 8 9 10 12 13 15 16 18 20 22 24 | 24.4
Invocations    | 6 8 9 10 11 13 15 17 19 21 23 25 27 | 27.0
Spellcasting   | 5 9 12 15 | 15.5

Action                   |  1- 3 |  4- 6 |  7- 9 | 10-12 | 13-15 | 16-18 || total
-------------------------+-------+-------+-------+-------+-------+-------++-------
Melee: Broad axe         |     5 |     3 |    35 |   142 |   344 |   223 ||   752
Invok: Greater Servant o |       |       |       |     1 |    30 |     5 ||    36
 Abil: Heal Wounds       |       |       |       |    14 |    37 |     3 ||    54
  Use: Potion            |     1 |       |       |       |     2 |     8 ||    11
 Stab: Distracted        |       |       |     1 |     4 |     8 |     5 ||    18
  Eat: Ration            |       |       |       |       |     1 |       ||     1
       Chunk             |       |       |       |       |     1 |       ||     1
Armor: Plate armour      |       |       |    18 |    82 |   125 |    78 ||   303
Dodge: Dodged            |     1 |       |     3 |    51 |   128 |   190 ||   373
Block: Shield            |    10 |     6 |    61 |   307 |   552 |   514 ||  1450
       Reflection        |       |       |       |     1 |    19 |    29 ||    49

Vault maps used:
D:        sprint_v

Table legend:
 A = Turns spent in this place as a percentage of turns spent in the entire game.
 B = Non-inter-level travel turns spent in this place as a percentage of non-inter-level travel turns spent in the entire game.
 C = Inter-level travel turns spent in this place as a percentage of turns spent in this place.
 D = Turns resting spent in this place as a percentage of non-inter-level travel turns spent in this place.
 E = Turns spent auto-exploring this place as a percentage of non-inter-level travel turns spent in this place.
 F = Non-inter-level travel turns spent in this place divided by the number of levels of this place that you've seen.
                   A       B       C       D       E      F
               +-------+-------+-------+-------+-------+----------------------
         Total | 100.0 | 100.0 |   0.0 |  20.9 |   1.0 | 2477.0
       Dungeon | 100.0 | 100.0 |   0.0 |  20.9 |   1.0 | 2477.0
               +-------+-------+-------+-------+-------+----------------------

Table legend:
 A = Kills in this place as a percentage of kills in entire the game.
 B = Kills by you in this place as a percentage of kills by you in the entire game.
 C = Kills by friends in this place as a percentage of kills by friends in the entire game.
 D = Other kills in this place as a percentage of other kills in the entire game.
 E = Experience gained in this place as a percentage of experience gained in the entire game.
 F = Experience gained in this place divided by the number of levels of this place that you have seen.
                   A       B       C       D       E      F
               +-------+-------+-------+-------+-------+----------------------
         Total | 100.0 | 100.0 | 100.0 | 100.0 | 100.0 | 295326.0
       Dungeon | 100.0 | 100.0 | 100.0 | 100.0 | 100.0 | 295326.0
               +-------+-------+-------+-------+-------+----------------------
